 Dungeon Crawl Stone Soup version 0.28.0 (webtiles) character file.

Game seed: 2869677313387990411

4 GordonOverkill the Sneak (level 1, 0/16 HPs)
             Began as a Vine Stalker Delver on Feb 16, 2022.
             Was an Initiate of Hepliaklqana.
             Slain by an adder (2 damage)
             ... on level 4 of the Dungeon.
             The game lasted 00:01:39 (579 turns).

GordonOverkill the Sneak (Vine Stalker Delver)       Turns: 579, Time: 00:01:40

Health: 0/16       AC:  3    Str: 14    XL:     1   Next: 60%
Magic:  0/2        EV:  7    Int: 10    God:    Hepliaklqana [......]
Gold:   0          SH: 11    Dex: 15    Spells: 0/0 levels left

rFire   . . .      SeeInvis .   h - +1 dagger (speed)
rCold   . . .      Faith    .   g - +0 tower shield
rNeg    . . .      Spirit   +   a - +0 leather armour
rPois   .          Reflect  .   (no helmet)
rElec   .          Harm     .   (no cloak)
rCorr   .          Rampage  .   (no gloves)
Will    .....                   (no boots)
Stlth   ..........              (no amulet)
HPRegen 0.05/turn               (no ring)
MPRegen 0.08/turn               (no ring)

@: berserking, very quick
A: fangs 2, magic shield, antimagic bite, no potion heal 2
a: Renounce Religion


You were on level 4 of the Dungeon.
You worshipped Hepliaklqana.
Hepliaklqana was noncommittal.
You visited 1 branch of the dungeon, and saw 4 of its levels.

Inventory:

Hand Weapons
 h - a +1 dagger of speed (weapon)
Armour
 a - a +0 leather armour (worn)
 g - a +0 tower shield (worn)
Wands
 f - a wand of digging (3)
Scrolls
 b - 2 scrolls of fog
 c - a scroll of magic mapping
 d - a scroll of fear


   Skills:
 + Level 2.7 Fighting
 + Level 0.0 Short Blades
 + Level 1.6 Dodging
 - Level 6.0 Stealth
 * Level 2.2 Unarmed Combat


You couldn't memorise any spells.
You didn't know any spells.
Your spell library was empty.

Dungeon Overview and Level Annotations

Branches:
Dungeon (6/15)
 Temple: D:4-7

Altars:
Hepliaklqana


Innate Abilities, Weirdness & Mutations

You have extremely sharp teeth.
When hurt, damage is shared between your health and your magic reserves.
Your bite disrupts and absorbs the magic of your enemies.
Potions cannot restore your health.


Message History

Unknown command.
Press < or > to pray at altars.
Unknown command.
Press < or > to pray at altars.
You hit the kobold. Your bite misses the kobold.
The kobold is severely wounded.
The kobold closely misses you. You block the kobold's attack.
You hit the kobold but do no damage.
The kobold is severely wounded.
The kobold hits you with a +1 dagger of speed.
The kobold hits you but does no damage. x2
You hit the kobold but do no damage. You bite the kobold.
You kill the kobold!
Found a spear and a scroll labelled YWUIDD IROB PEE.
You see here a +1 dagger of speed.
You see here a +1 dagger of speed.
h - a +1 dagger of speed Your hands tingle!
h - a +1 dagger of speed (weapon)
b - 2 scrolls of fog (gained 1)
An adder comes into view.
Found 16 gold pieces.
Found an escape hatch in the ceiling.
You block the adder's attack.
You barely miss the adder. You bite the adder, but do no damage.
The adder bites you.
You miss the adder. You block the adder's attack. The adder bites you.
* * * LOW HITPOINT WARNING * * *
You closely miss the adder. The adder bites you.
* * * LOW HITPOINT WARNING * * *
You hit the adder.
The adder is heavily wounded.
The adder bites you but does no damage. The adder barely misses you.
You hit the adder. You bite the adder, but do no damage.
The adder is heavily wounded.
The adder bites you.
* * * LOW HITPOINT WARNING * * *
It was a potion of berserk rage.
A red film seems to cover your vision as you go berserk!
You feel yourself moving faster!
You feel mighty! The adder bites you.
You die...

#.................(.
#.....###....♣......
#.....#...._.♣..≈≈..
#............♣.§≈≈..
#.........♣♣♣♣..≈≈..
####...........§≈§.
######...#.......
§§§
.........#..≈≈≈§§
#######@.#).≈§≈≈≈
#?S#.......
#..........
<..#.##.... ##.#.#
.. # ##


You could see an adder.

Vanquished Creatures
  A goblin (D:4)
  A jackal (D:5)
  A kobold (D:4)
3 creatures vanquished.

Notes
Turn   | Place    | Note
-------+----------+-------------------------------------------
     0 | D:5      | GordonOverkill the Vine Stalker Delver began the quest for
                  | the Orb.
     0 | D:5      | Reached XP level 1. HP: 11/11 MP: 2/2
     7 | D:6      | Noticed a centaur
    41 | D:5      | Noticed an orc priest
    42 | D:5      | Noticed an orc wizard
    42 | D:5      | Noticed an orc wizard
    62 | D:5      | Noticed an iguana
    91 | D:4      | Found a hazy altar of Hepliaklqana.
   558 | D:4      | Became a worshipper of Hepliaklqana the Forgotten
   579 | D:4      | Slain by an adder

Illustrated notes

Levels and vault maps discovered:
D:3:      layout_basic
D:4:      layout_basic, mainiacjoe_overflow_chevrons, lightli_temple_of_fire
D:5:      layout_rooms, mainiacjoe_overflow_paths,
          gammafunk_temple_overflow_forgotten, minmay_misc_feat_cross
D:6:      minmay_razor_zed, layout_cave_pools, elyvilon_altar_1, temple_pool_b,
          uniq_pikel, uniq_grinder

Action                   || total
-------------------------++-------
Melee: Unarmed           ||    11
       Dagger            ||     5
       Bite              ||     3
  Use: Potion            ||     2
Armor: Leather armour    ||     5
Dodge: Dodged            ||     6
Block: Tower shield      ||     4
